[Event "Cesko-Slovenska Extraliga zen"]
[Site "Ricany"]
[Date "2015.06.27"]
[Round "1.1"]
[White "Marikova, Jana"]
[Black "Sochorova, Petra"]
[Result "1/2-1/2"]
[ECO "A80"]
[WhiteElo "2164"]
[BlackElo "2197"]
[PlyCount "110"]
[EventDate "2015.??.??"]
[TimeControl "6000+990"]
[WhiteClock "0:01:09"]
[BlackClock "0:01:37"]

1. d4 f5 2. Nf3 Nf6 3. c4 g6 4. Nc3 Bg7 5. e3 O-O 6. Bd3 d6 7. O-O c6 8. Qb3
Qe8 9. c5+ d5 10. Ne5 Nbd7 11. f4 Kh8 12. Qc2 Ne4 13. b4 Nxe5 14. fxe5 g5 15.
Rb1 Qg6 16. Ne2 Bd7 17. b5 Rfc8 18. bxc6 Bxc6 19. Qb3 Rab8 20. Nc3 Nxc3 21.
Qxc3 e6 22. g4 Bd7 23. Qa3 Qh6 24. Rb2 fxg4 25. Qxa7 Bc6 26. Qa5 Rf8 27. Qe1
Qh4 28. Qg3 Rxf1+ 29. Bxf1 Rf8 30. Rg2 h5 31. Be2 Ra8 32. a3 Be8 33. Bd3 Ra5
34. Qf2 Qxf2+ 35. Rxf2 Ra8 36. Kg2 Kg8 37. Kg3 Rc8 38. Rb2 Rc7 39. Rb6 Kf7 40.
e4 dxe4 41. Bxe4 Bc6 42. Bxc6 bxc6 43. Bxg5 Kg6 44. Bc1 Kf5 45. a4 Ke4 46. Rb4
Ra7 47. Kh4 Bf8 48. Bb2 Be7+ 49. Kg3 Bg5 50. Kg2 Bd2 51. Rb6 Kd5 52. Kg3 Be1+
53. Kf4 Bd2+ 54. Kg3 Be1+ 55. Kf4 Bd2+ 1/2-1/2

[Event "Cesko-Slovenska Extraliga zen"]
[Site "Ricany"]
[Date "2015.06.27"]
[Round "1.2"]
[White "Semenova, Elena"]
[Black "Kubikova, Hana"]
[Result "1-0"]
[ECO "B30"]
[WhiteElo "2160"]
[BlackElo "2118"]
[PlyCount "45"]
[EventDate "2015.??.??"]
[TimeControl "6000+2035"]
[WhiteClock "0:30:01"]
[BlackClock "0:04:54"]

1. e4 c5 2. Nf3 Nc6 3. Bb5 d6 4. d4 cxd4 5. Qxd4 Bd7 6. Bxc6 Bxc6 7. Nc3 Nf6 8.
Bg5 e6 9. O-O-O Be7 10. Qd3 O-O 11. Nd4 Qa5 12. h4 Rac8 13. f4 a6 14. Kb1 b5
15. e5 b4 16. exf6 bxc3 17. fxe7 Rfe8 18. f5 Bd5 19. Nb3 Bxb3 20. axb3 cxb2 21.
Kxb2 Qe5+ 22. Kb1 Rc3 23. Qd4 1-0

[Event "Cesko-Slovenska Extraliga zen"]
[Site "Ricany"]
[Date "2015.06.27"]
[Round "1.3"]
[White "Vorackova, Jarmila"]
[Black "Koci, Tereza"]
[Result "0-1"]
[ECO "A84"]
[WhiteElo "1936"]
[BlackElo "1461"]
[PlyCount "112"]
[EventDate "2015.??.??"]
[TimeControl "6000+1395"]
[WhiteClock "0:00:35"]
[BlackClock "0:00:44"]

1. d4 f5 2. c4 g6 3. Nc3 Nf6 4. Nf3 Bg7 5. e3 c6 6. Be2 O-O 7. O-O d6 8. b4 e6
9. Bb2 Na6 10. Qb3 Nc7 11. Rfd1 b6 12. a4 Qe7 13. a5 Bd7 14. Ra2 Rfb8 15. Rda1
b5 16. cxb5 cxb5 17. a6 Rb6 18. Ra5 Rab8 19. Qc2 d5 20. Ne5 Qxb4 21. Nd3 Qd6
22. Na2 Rxa6 23. Nab4 Rxa5 24. Rxa5 Qb6 25. Ra1 a5 26. Rc1 Nfe8 27. Nc6 Bxc6
28. Qxc6 Qxc6 29. Rxc6 Kf7 30. Kf1 Bf6 31. Nc5 Ra8 32. Rb6 a4 33. Bxb5 Nxb5 34.
Rxb5 a3 35. Ba1 Nd6 36. Rb6 Be7 37. Ke2 a2 38. Ra6 Rxa6 39. Nxa6 Nc4 40. Kd3
Bd6 41. h3 Ba3 42. Kc2 Bd6 43. Kb3 Nd2+ 44. Kxa2 Ne4 45. f3 Nd2 46. Bb2 Nf1 47.
Bc1 Kf6 48. Kb3 Ng3 49. Nc5 Ne2 50. Bd2 f4 51. Nd3 fxe3 52. Bxe3 g5 53. Nf2 Nf4
54. g3 Ne2 55. Ng4+ Kg6 56. h4 h6 0-1

[Event "Cesko-Slovenska Extraliga zen"]
[Site "Ricany"]
[Date "2015.06.27"]
[Round "1.4"]
[White "Suchomelova, Simona"]
[Black "Motycakova, Monika"]
[Result "1/2-1/2"]
[ECO "C45"]
[WhiteElo "2059"]
[BlackElo "2139"]
[PlyCount "28"]
[EventDate "2015.??.??"]
[TimeControl "6000+940"]
[WhiteClock "0:59:56"]
[BlackClock "0:44:16"]

1. e4 e5 2. Nf3 Nc6 3. d4 exd4 4. Nxd4 Bc5 5. Be3 Qf6 6. c3 Nge7 7. Bc4 Ne5 8.
Be2 Qg6 9. O-O d6 10. Kh1 O-O 11. Nd2 Ng4 12. Bxg4 Bxg4 13. Qb3 Rab8 14. f4 Nc6
1/2-1/2

[Event "Cesko-Slovenska Extraliga zen"]
[Site "Ricany"]
[Date "2015.06.27"]
[Round "1.5"]
[White "Zvarikova, Alexandra"]
[Black "Korinkova, Eva"]
[Result "1-0"]
[ECO "B26"]
[WhiteElo "2053"]
[BlackElo "1765"]
[PlyCount "50"]
[EventDate "2015.??.??"]
[TimeControl "6000+1725"]
[WhiteClock "0:09:03"]

1. e4 c5 2. Nc3 Nc6 3. g3 g6 4. Bg2 Bg7 5. d3 d6 6. Be3 e6 7. Qd2 Nd4 8. O-O-O
Nf6 9. Bh6 O-O 10. Bxg7 Kxg7 11. f4 Qc7 12. Nf3 e5 13. h3 Bd7 14. g4 Bc6 15.
Nh2 b5 16. fxe5 dxe5 17. Nd5 Qd6 18. Nxf6 Qxf6 19. g5 Qd6 20. Ng4 b4 21. Qf2 f6
22. Nxf6 Kh8 23. h4 Rf7 24. h5 gxh5 25. Rxh5 Raf8 1-0

[Event "Cesko-Slovenska Extraliga zen"]
[Site "Ricany"]
[Date "2015.06.27"]
[Round "1.6"]
[White "Kocourkova, Zuzana"]
[Black "Sucikova, Svetlana"]
[Result "0-1"]
[ECO "B19"]
[WhiteElo "1816"]
[BlackElo "2022"]
[PlyCount "93"]
[EventDate "2015.??.??"]
[TimeControl "6000+1435"]
[BlackClock "0:06:48"]

1. e4 c6 2. d4 d5 3. Nc3 dxe4 4. Nxe4 Bf5 5. Ng3 Bg6 6. h4 h6 7. Nf3 Nd7 8. h5
Bh7 9. Bd3 Bxd3 10. Qxd3 Ngf6 11. Bd2 e6 12. O-O-O Be7 13. Kb1 O-O 14. Rhe1 Re8
15. Ne4 Qc7 16. Nxf6+ Nxf6 17. Ne5 Rad8 18. g4 Bd6 19. f4 c5 20. c3 cxd4 21.
cxd4 Bxe5 22. fxe5 Nxg4 23. Rg1 f5 24. exf6 Nxf6 25. Bxh6 Nxh5 26. Qg6 Qf7 27.
Qxf7+ Kxf7 28. Rdf1+ Kg8 29. Be3 Rd5 30. Kc2 Rc8+ 31. Kd3 Rc7 32. Rg6 Re7 33.
Rfg1 Kf7 34. R6g4 Red7 35. Rf1+ Nf6 36. Rg2 e5 37. Rfg1 Kf8 38. Rg5 Kg8 39. Kc4
b5+ 40. Kd3 a6 41. Rg6 exd4 42. Rxf6 dxe3+ 43. Kxe3 Re7+ 44. Kf3 a5 45. Rb6 Kf7
46. Rg2 b4 47. Rc2 0-1

[Event "Cesko-Slovenska Extraliga zen"]
[Site "Ricany"]
[Date "2015.06.27"]
[Round "1.7"]
[White "Novosadova, Kristyna"]
[Black "Balkova, Anna"]
[Result "1-0"]
[ECO "B35"]
[WhiteElo "2211"]
[BlackElo "1929"]
[PlyCount "41"]
[EventDate "2015.??.??"]
[TimeControl "6000+1260"]
[WhiteClock "1:16:02"]
[BlackClock "0:48:42"]

1. e4 c5 2. Nf3 Nc6 3. d4 cxd4 4. Nxd4 g6 5. Nc3 Bg7 6. Be3 Nf6 7. Bc4 O-O 8.
Bb3 d6 9. f3 Na5 10. Qd2 Nxb3 11. axb3 Bd7 12. g4 a6 13. h4 h5 14. gxh5 Nxh5
15. O-O-O Qa5 16. Kb1 Bc6 17. Rhg1 Rfd8 18. Bh6 e5 19. Bxg7 Kxg7 20. Nf5+ Kg8
21. Qh6 1-0

[Event "Cesko-Slovenska Extraliga zen"]
[Site "Ricany"]
[Date "2015.06.27"]
[Round "1.8"]
[White "Nytrova, Adela"]
[Black "Fuskova, Martina"]
[Result "0-1"]
[ECO "B32"]
[WhiteElo "1844"]
[BlackElo "1969"]
[PlyCount "66"]
[EventDate "2015.??.??"]
[TimeControl "6000+1035"]
[WhiteClock "0:18:29"]
[BlackClock "1:03:58"]

1. e4 c5 2. Nf3 Nc6 3. d4 cxd4 4. Nxd4 e5 5. Nb3 Nf6 6. Nc3 Bb4 7. f3 d5 8.
exd5 Nxd5 9. Bd2 Nxc3 10. bxc3 Bd6 11. Bb5 O-O 12. O-O Qb6+ 13. Kh1 Qxb5 14.
Be3 Rd8 15. Qe1 Bf5 16. Qg3 Bg6 17. Nd2 Ne7 18. Ne4 Nf5 19. Qf2 Nxe3 20. Qxe3
f6 21. Rfd1 Qc6 22. Rab1 b6 23. Rd2 Bxe4 24. fxe4 Bc5 25. Qe2 Rxd2 26. Qxd2 Qd6
27. Qe2 Rd8 28. h3 Qd2 29. Qc4+ Kf8 30. a4 Qxc2 31. Rf1 Rd1 32. Kh2 Rxf1 33.
Qxf1 Qxe4 0-1

[Event "Cesko-Slovenska Extraliga zen"]
[Site "Ricany"]
[Date "2015.06.27"]
[Round "1.9"]
[White "Kanakova, Natalie"]
[Black "Valesova, Sarka"]
[Result "1-0"]
[ECO "B75"]
[WhiteElo "2028"]
[BlackElo "1860"]
[PlyCount "65"]
[EventDate "2015.??.??"]
[TimeControl "6000+1540"]
[WhiteClock "0:24:30"]
[BlackClock "0:46:47"]

1. e4 c5 2. Nf3 d6 3. d4 cxd4 4. Nxd4 Nf6 5. Nc3 g6 6. Be3 Bg7 7. f3 Nc6 8. Qd2
Bd7 9. O-O-O Rc8 10. g4 a6 11. h4 h5 12. g5 Nh7 13. f4 Bg4 14. Be2 Bxe2 15.
Qxe2 b5 16. Kb1 Nf8 17. e5 Nxd4 18. Bxd4 d5 19. e6 Bxd4 20. exf7+ Kxf7 21. Rxd4
e6 22. Re1 Rc4 23. Qe5 Rh7 24. Rxc4 bxc4 25. Ne2 Kg8 26. Nd4 Re7 27. Nc6 Qd7
28. Nxe7+ Qxe7 29. Qxd5 Qb4 30. c3 exd5 31. cxb4 Kf7 32. Re5 d4 33. f5 1-0

[Event "Cesko-Slovenska Extraliga zen"]
[Site "Ricany"]
[Date "2015.06.27"]
[Round "1.11"]
[White "Zakoucka, Adela"]
[Black "Rihova, Kamila"]
[Result "1-0"]
[ECO "C48"]
[WhiteElo "1976"]
[BlackElo "1704"]
[PlyCount "85"]
[EventDate "2015.??.??"]
[TimeControl "6000+1215"]
[WhiteClock "0:01:14"]
[BlackClock "0:00:31"]

1. e4 e5 2. Nf3 Nf6 3. Nc3 Nc6 4. Bb5 Bc5 5. O-O d6 6. h3 Bd7 7. Re1 O-O 8. Na4
Bb6 9. Nxb6 axb6 10. c3 h6 11. d4 Re8 12. dxe5 Nxe5 13. Bxd7 Qxd7 14. Nd4 Ng6
15. f3 Kf8 16. Be3 Ra5 17. Qd2 Ng8 18. Nf5 N6e7 19. Ng3 Qe6 20. a3 Nc6 21. f4
Qg6 22. Qf2 Qe6 23. Nf5 Nge7 24. Ng3 Ng8 25. f5 Qe5 26. Nh5 Nf6 27. Bf4 Qe7 28.
Ng3 Kg8 29. Qe3 Ra4 30. b4 Nh7 31. c4 Raa8 32. Qc3 Ne5 33. Rad1 Nf6 34. Rd2 Ra7
35. c5 bxc5 36. bxc5 dxc5 37. Qe3 Nc4 38. Qf3 Nxd2 39. Bxd2 Nd7 40. Nh5 Qd6 41.
Qg4 g5 42. Bxg5 Qf8 43. Bxh6+ 1-0

[Event "Cesko-Slovenska Extraliga zen"]
[Site "Ricany"]
[Date "2015.06.27"]
[Round "1.12"]
[White "Mala, Anna"]
[Black "Harbichova, Marcela"]
[Result "1-0"]
[ECO "C62"]
[WhiteElo "1660"]
[BlackElo "1000"]
[PlyCount "85"]
[EventDate "2015.??.??"]
[TimeControl "6000+635"]
[WhiteClock "0:19:16"]
[BlackClock "0:17:28"]

1. e4 e5 2. Nf3 Nc6 3. Bb5 d6 4. h3 Bd7 5. O-O Nf6 6. Re1 Be7 7. c3 O-O 8. d4
a6 9. Ba4 b5 10. Bc2 Qc8 11. Nbd2 Bxh3 12. gxh3 Qxh3 13. Nh2 exd4 14. cxd4 Nxd4
15. Re3 Qh5 16. Ndf3 Ng4 17. Qxd4 Nxe3 18. Bxe3 Bf6 19. e5 dxe5 20. Qd7 Rad8
21. Qc6 Rfe8 22. Qxc7 Rc8 23. Qd7 Rcd8 24. Qb7 Re7 25. Qe4 Qg6+ 26. Qxg6 hxg6
27. Ng4 e4 28. Nxf6+ gxf6 29. Nd2 Kg7 30. Nxe4 Rh8 31. Bd4 Re6 32. Nxf6 Rxf6
33. Rd1 Re8 34. Bxf6+ Kxf6 35. Rd6+ Kg7 36. Kf1 a5 37. Rd5 Rc8 38. Bd3 Rc1+ 39.
Ke2 Ra1 40. a3 b4 41. Rxa5 bxa3 42. Rxa3 Rb1 43. Bxb1 1-0

[Event "Cesko-Slovenska Extraliga zen"]
[Site "Ricany"]
[Date "2015.06.27"]
[Round "1.13"]
[White "Jascenko, Olga"]
[Black "Brozova, Renata"]
[Result "1/2-1/2"]
[ECO "E73"]
[WhiteElo "2184"]
[BlackElo "1729"]
[PlyCount "81"]
[EventDate "2015.??.??"]
[TimeControl "6000+1070"]
[WhiteClock "0:03:45"]
[BlackClock "0:02:57"]

1. d4 Nf6 2. c4 g6 3. Nc3 Bg7 4. e4 d6 5. Be2 O-O 6. Bg5 Bd7 7. Qd2 e5 8. dxe5
dxe5 9. Rd1 Qc8 10. h4 h5 11. Bh6 Ng4 12. Bxg7 Kxg7 13. Nh3 Bc6 14. b4 f5 15.
Qg5 fxe4 16. Bxg4 Qxg4 17. Qxe5+ Kg8 18. Nd5 Bxd5 19. Qxd5+ Kg7 20. O-O Nc6 21.
Ng5 Rae8 22. Qd7+ Re7 23. Qxg4 hxg4 24. b5 Nb4 25. Rfe1 Rfe8 26. Re3 a6 27. a3
Nd3 28. Nxe4 Rxe4 29. Rdxd3 Kf6 30. Rd7 Rxe3 31. fxe3 Rxe3 32. Rxc7 g3 33. Kf1
axb5 34. cxb5 Rxa3 35. Ke2 Kf5 36. Rxb7 Kg4 37. Rg7 Ra2+ 38. Ke3 Rxg2 39. Rxg6+
Kxh4 40. b6 Rb2 41. Kf3 1/2-1/2

[Event "Cesko-Slovenska Extraliga zen"]
[Site "Ricany"]
[Date "2015.06.27"]
[Round "1.14"]
[White "Volaninova, Sarka"]
[Black "Valickova, Martina"]
[Result "0-1"]
[ECO "E12"]
[WhiteElo "1630"]
[BlackElo "1990"]
[PlyCount "106"]
[EventDate "2015.??.??"]
[TimeControl "6000+1725"]
[WhiteClock "0:01:19"]
[BlackClock "0:00:52"]

1. d4 Nf6 2. c4 e6 3. Nf3 b6 4. a3 Bb7 5. Nc3 d5 6. cxd5 Nxd5 7. e3 Be7 8. Bb5+
c6 9. Bd3 O-O 10. O-O c5 11. h3 Nc6 12. Qc2 h6 13. dxc5 Bxc5 14. Rd1 Qf6 15.
Ne4 Qe7 16. b4 Bd6 17. Nxd6 Qxd6 18. Bh7+ Kh8 19. e4 Ndxb4 20. axb4 Nxb4 21.
Qb3 Qe7 22. Ba3 a5 23. Rd4 Kxh7 24. Rad1 Rfd8 25. Bxb4 axb4 26. Rxd8 Rxd8 27.
Rxd8 Qxd8 28. Qxb4 Qc7 29. Nd2 Qc1+ 30. Kh2 Qc5 31. Qxc5 bxc5 32. Kg3 Ba6 33.
Kf3 g5 34. Ke3 Kg6 35. g3 h5 36. h4 gxh4 37. gxh4 e5 38. Nb3 c4 39. Nc5 Bb5 40.
f4 exf4+ 41. Kxf4 c3 42. Nb3 c2 43. Ke3 Ba4 44. Nc1 Kf6 45. Kf4 Bb5 46. e5+ Ke6
47. Ke4 Bc6+ 48. Kf4 Bd5 49. Nd3 Bc4 50. Nc1 Kd5 51. Kf5 Kd4 52. Kf4 Be6 53.
Ne2+ Kd3 0-1

[Event "Cesko-Slovenska Extraliga zen"]
[Site "Ricany"]
[Date "2015.06.27"]
[Round "1.15"]
[White "Cernouskova, Alena"]
[Black "Homolkova, Ivana"]
[Result "1-0"]
[ECO "D02"]
[WhiteElo "1622"]
[BlackElo "1484"]
[PlyCount "139"]
[EventDate "2015.??.??"]
[TimeControl "6000+1160"]
[WhiteClock "0:02:32"]
[BlackClock "0:00:38"]

1. d4 d5 2. Nf3 Nf6 3. g3 e6 4. Bg2 Be7 5. c4 O-O 6. O-O b6 7. Nc3 Bb7 8. Qc2
c5 9. Rd1 Qc7 10. Nb5 Qc8 11. Bf4 a6 12. Nd6 Bxd6 13. Bxd6 Re8 14. dxc5 bxc5
15. cxd5 exd5 16. Rac1 c4 17. Nd4 Ne4 18. Bxe4 Rxe4 19. f3 Re8 20. Nf5 Qe6 21.
Re1 g6 22. Bxb8 Raxb8 23. Nh4 Qe3+ 24. Kf1 Rbc8 25. Ng2 Qc5 26. Nf4 d4 27. b3
c3 28. Nd3 Qf5 29. Nf2 Qxc2 30. Rxc2 Kg7 31. Rd1 Red8 32. Nd3 Bc6 33. Kf2 Bb5
34. a4 Bxd3 35. Rxd3 Kf6 36. e3 dxe3+ 37. Kxe3 Re8+ 38. Kf2 Ke5 39. Rdxc3 Rxc3
40. Rxc3 Kd4 41. Rc4+ Kd3 42. Rc6 Re2+ 43. Kf1 Rxh2 44. Rxa6 Rb2 45. Rb6 Kd4
46. Rb7 Kc5 47. a5 Kc6 48. a6 Ra2 49. Rxf7 Rxa6 50. Rxh7 Rb6 51. Rg7 Kd5 52.
Rd7+ Kc5 53. Rd3 Kb4 54. Ke2 Re6+ 55. Re3 Rd6 56. f4 Rf6 57. Kf3 Rd6 58. Kg4
Kc5 59. Kh4 Kd4 60. Re5 Rb6 61. Rg5 Kc3 62. g4 Kxb3 63. f5 gxf5 64. Rxf5 Kc4
65. Kh5 Kd4 66. Rf1 Ke4 67. g5 Rb2 68. Kh6 Rh2+ 69. Kg7 Ke5 70. g6 1-0

[Event "Cesko-Slovenska Extraliga zen"]
[Site "Ricany"]
[Date "2015.06.28"]
[Round "2.1"]
[White "Motycakova, Monika"]
[Black "Jascenko, Olga"]
[Result "0-1"]
[ECO "B06"]
[WhiteElo "2139"]
[BlackElo "2184"]
[Annotator "Doe,John"]
[PlyCount "82"]
[EventDate "2015.??.??"]
[TimeControl "6000+1300"]
[WhiteClock "0:00:38"]
[BlackClock "0:01:18"]

1. e4 g6 2. d4 Bg7 3. Nc3 c6 4. Be3 d6 5. Qd2 a6 6. f3 b5 7. Bd3 Nd7 8. h4 h5
9. Nh3 Nb6 10. Qe2 Nh6 11. Nf2 d5 12. O-O-O b4 13. Nb1 Be6 14. Nd2 dxe4 15.
Bxe4 Nd5 16. Nb3 Nf5 17. Bxf5 Bxf5 18. Bg5 a5 19. g4 Bc8 20. Nc5 Ra7 21. Rd3
Kf8 22. Qe4 Qd6 23. Re1 a4 24. a3 Qh2 25. Nd1 hxg4 26. fxg4 Bh6 27. Rf1 Qxh4
28. Bxh6+ Qxh6+ 29. Kb1 Kg8 30. Qf3 Qg7 31. Ne3 Nxe3 32. Rxe3 bxa3 33. Rxa3 Rh4
34. Qxc6 Bxg4 35. Rxa4 Rxa4 36. Qxa4 Bf5 37. Qa7 Qf6 38. Re1 Bxc2+ 39. Ka2 Qxd4
40. Rc1 Qd5+ 41. Ka1 Rc4 0-1

[Event "Cesko-Slovenska Extraliga zen"]
[Site "Ricany"]
[Date "2015.06.28"]
[Round "2.2"]
[White "Valickova, Martina"]
[Black "Zvarikova, Alexandra"]
[Result "1/2-1/2"]
[ECO "C01"]
[WhiteElo "2053"]
[BlackElo "1990"]
[Annotator "Doe,John"]
[PlyCount "96"]
[EventDate "2015.??.??"]
[TimeControl "6000+2280"]
[WhiteClock "0:02:16"]
[BlackClock "0:02:45"]

1. e4 e6 2. d4 d5 3. exd5 exd5 4. Bd3 Nc6 5. c3 Bd6 6. Qf3 Be6 7. Ne2 Qd7 8.
Bf4 O-O-O 9. Bxd6 Qxd6 10. Nd2 Nge7 11. O-O-O h5 12. Rde1 Bg4 13. Qf4 Qxf4 14.
Nxf4 g5 15. Ne2 Bf5 16. Kc2 Bxd3+ 17. Kxd3 Nf5 18. Nf3 f6 19. h4 Rdg8 20. g3
Kd7 21. Nc1 Nd6 22. Nd2 Nf5 23. Nf3 Nd6 24. Nd2 Re8 25. Rxe8 Kxe8 26. Kc2 b6
27. Nd3 Kd7 28. Kd1 Ne4 29. Nxe4 dxe4 30. Ne1 Ne7 31. Ke2 Nf5 32. Ng2 Ke6 33.
Ne3 Nd6 34. Kd2 b5 35. b3 c6 36. Kc2 a5 37. c4 Nf5 38. Nxf5 Kxf5 39. Kd2 bxc4
40. bxc4 Rb8 41. hxg5 Kxg5 42. Kc2 Rb4 43. Kc3 Ra4 44. Kb3 Rb4+ 45. Kc3 Ra4 46.
Kb3 Rb4+ 47. Kc3 f5 48. a3 Rb7 1/2-1/2

[Event "Cesko-Slovenska Extraliga zen"]
[Site "Ricany"]
[Date "2015.06.28"]
[Round "2.3"]
[White "Turkova, Karolina"]
[Black "Cernouskova, Alena"]
[Result "0-1"]
[ECO "C64"]
[WhiteElo "1999"]
[BlackElo "1622"]
[Annotator "Doe,John"]
[PlyCount "114"]
[EventDate "2015.??.??"]
[TimeControl "6000+2035"]
[WhiteClock "0:01:39"]
[BlackClock "0:00:33"]

1. e4 e5 2. Nf3 Nc6 3. Bb5 Bc5 4. O-O Nd4 5. Nxd4 Bxd4 6. c3 Bb6 7. d4 c6 8.
Ba4 d6 9. Be3 Bd7 10. Nd2 Ne7 11. dxe5 dxe5 12. Qh5 Ng6 13. Nf3 Bxe3 14. fxe3
Qe7 15. Ng5 Be6 16. Bb3 Bxb3 17. axb3 f6 18. Nxh7 Qf7 19. Rf3 Ke7 20. Rd1 Rxh7
21. Qxh7 Rh8 22. Qxh8 Nxh8 23. Rf2 Qe6 24. Rfd2 Nf7 25. h3 Ng5 26. Rd8 Nxe4 27.
Rb8 Qxb3 28. Rbd8 Qxb2 29. R1d7+ Ke6 30. Rxg7 Qc1+ 31. Kh2 Qxe3 32. Rxb7 Qf4+
33. Kg1 Nxc3 34. Re8+ Kd5 35. Rd8+ Kc4 36. Kh1 Qe3 37. Rdb8 Nb5 38. Rf8 Qc1+
39. Kh2 Qf4+ 40. Kh1 f5 41. Rbf7 Qc1+ 42. Kh2 f4 43. Rc8 Kc5 44. Re7 Qe3 45.
Rce8 Kd5 46. Rd7+ Kc5 47. Rde7 Qg3+ 48. Kh1 Qe1+ 49. Kh2 Kd6 50. Re6+ Kd5 51.
R6e7 Nd4 52. Rd7+ Kc5 53. Red8 Ne2 54. Rd1 Qg3+ 55. Kh1 Nd4 56. Re8 f3 57. Rg1
Ne2 0-1

[Event "Cesko-Slovenska Extraliga zen"]
[Site "Ricany"]
[Date "2015.06.28"]
[Round "2.4"]
[White "Richterova, Natasa"]
[Black "Novosadova, Kristyna"]
[Result "1/2-1/2"]
[ECO "C54"]
[WhiteElo "2136"]
[BlackElo "2211"]
[Annotator "Doe,John"]
[PlyCount "81"]
[EventDate "2015.??.??"]
[TimeControl "6000+1255"]
[WhiteClock "0:30:55"]
[BlackClock "0:06:33"]

1. e4 e5 2. Nf3 Nc6 3. Bc4 Nf6 4. d3 Bc5 5. c3 O-O 6. O-O d5 7. exd5 Nxd5 8.
Re1 Bg4 9. Nbd2 Nb6 10. b4 Bd6 11. Qb3 a5 12. b5 a4 13. Qc2 Na5 14. Nxe5 Bxe5
15. Rxe5 Re8 16. Rxe8+ Qxe8 17. h3 Qe1+ 18. Nf1 Bf5 19. Bb2 Qe5 20. Qd1 Naxc4
21. dxc4 Nxc4 22. Bc1 Qxb5 23. Bf4 c5 24. Ne3 Nb2 25. Qf3 Bg6 26. Nd5 Nd3 27.
Nc7 Qb2 28. Nxa8 Qxa1+ 29. Kh2 h6 30. Bg3 Qxa2 31. Nb6 Qb3 32. Qxb7 Kh7 33. Qa7
Qe6 34. Nd7 Qe8 35. Qxa4 Qc8 36. Ne5 f6 37. Nxd3 Bxd3 38. Qf4 Qa8 39. Qe3 Bf1
40. f3 c4 41. Qe4+ 1/2-1/2

[Event "Cesko-Slovenska Extraliga zen"]
[Site "Ricany"]
[Date "2015.06.28"]
[Round "2.5"]
[White "Fuskova, Martina"]
[Black "Zakoucka, Adela"]
[Result "1/2-1/2"]
[ECO "C41"]
[WhiteElo "1969"]
[BlackElo "1976"]
[Annotator "Doe,John"]
[PlyCount "84"]
[EventDate "2015.??.??"]
[TimeControl "6000+580"]
[WhiteClock "0:27:51"]
[BlackClock "0:15:07"]

1. e4 d6 2. d4 Nf6 3. Nc3 e5 4. Nf3 Nbd7 5. Bc4 Be7 6. O-O O-O 7. Re1 c6 8. Bb3
exd4 9. Qxd4 Nc5 10. h3 b5 11. e5 Ne8 12. exd6 Bxd6 13. Bg5 Qc7 14. Ne4 Nxb3
15. axb3 Be7 16. Bxe7 Qxe7 17. Ne5 Qc7 18. Qc5 Bb7 19. Red1 f6 20. Rd7 Qxe5 21.
Qxe5 fxe5 22. Rxb7 Rf7 23. Rxf7 Kxf7 24. Ra6 Rc8 25. Rxa7+ Rc7 26. Rxc7+ Nxc7
27. Kf1 h6 28. Ke2 Ke6 29. c4 Na6 30. Nc3 b4 31. Ne4 Kf5 32. Ke3 Nc7 33. Nc5 h5
34. Nd3 Na6 35. g4+ hxg4 36. hxg4+ Ke6 37. Ke4 g5 38. f3 Kf6 39. Ke3 Ke6 40.
Nf2 Nc5 41. Ne4 Nxe4 42. Kxe4 c5 1/2-1/2

[Event "Cesko-Slovenska Extraliga zen"]
[Site "Ricany"]
[Date "2015.06.28"]
[Round "2.6"]
[White "Vankova, Marcela"]
[Black "Kanakova, Natalie"]
[Result "0-1"]
[ECO "E30"]
[WhiteElo "1928"]
[BlackElo "2028"]
[Annotator "Doe,John"]
[PlyCount "66"]
[EventDate "2015.??.??"]
[TimeControl "6000+1020"]
[WhiteClock "0:14:59"]
[BlackClock "0:16:51"]

1. c4 Nf6 2. Nc3 e6 3. d4 Bb4 4. Bg5 h6 5. Bh4 g5 6. Bg3 Ne4 7. Qc2 f5 8. Be5
Rg8 9. f3 d6 10. fxe4 Bxc3+ 11. Qxc3 dxe5 12. O-O-O exd4 13. Rxd4 Qe7 14. exf5
exf5 15. Nf3 Bd7 16. Rd5 Nc6 17. Ne5 O-O-O 18. Nxd7 Rxd7 19. Rxd7 Qxd7 20. e3
Re8 21. g3 Qe6 22. Bd3 Qxe3+ 23. Qd2 f4 24. Bf5+ Kb8 25. Qxe3 fxe3 26. Bd7 Re4
27. b3 e2 28. Bxc6 e1=Q+ 29. Rxe1 Rxe1+ 30. Kd2 Ra1 31. Bd7 Rxa2+ 32. Ke3 Rxh2
33. Ke4 Rb2 0-1

[Event "Cesko-Slovenska Extraliga zen"]
[Site "Ricany"]
[Date "2015.06.28"]
[Round "2.7"]
[White "Sochorova, Petra"]
[Black "Suchomelova, Simona"]
[Result "1/2-1/2"]
[ECO "B90"]
[WhiteElo "2197"]
[BlackElo "2059"]
[PlyCount "66"]
[EventDate "2015.??.??"]
[TimeControl "6000+1350"]
[WhiteClock "0:00:49"]
[BlackClock "0:00:52"]

1. e4 c5 2. Nf3 d6 3. d4 cxd4 4. Nxd4 Nf6 5. Nc3 a6 6. Be3 e6 7. g4 e5 8. Nf5
h5 9. g5 Nxe4 10. Nxg7+ Bxg7 11. Nxe4 d5 12. Nf6+ Bxf6 13. gxf6 Be6 14. Qd2 Nc6
15. h4 Qc7 16. O-O-O O-O-O 17. Kb1 Rd7 18. Rg1 Bg4 19. Re1 Qd6 20. Rg3 Qxf6 21.
Bb6 Qd6 22. Rc3 f6 23. Bc5 Qc7 24. f3 Be6 25. b4 d4 26. Ra3 b6 27. Bxa6+ Kd8
28. b5 Nb8 29. Bb4 Qc4 30. Ka1 Bf5 31. Rc1 Rg8 32. Qh6 Qf7 33. Rb3 Be6 1/2-1/2

[Event "Cesko-Slovenska Extraliga zen"]
[Site "Ricany"]
[Date "2015.06.28"]
[Round "2.8"]
[White "Korinkova, Eva"]
[Black "Semenova, Elena"]
[Result "1-0"]
[ECO "C68"]
[WhiteElo "1765"]
[BlackElo "2160"]
[PlyCount "95"]
[EventDate "2015.??.??"]
[TimeControl "6000+1435"]
[BlackClock "0:05:37"]

1. e4 e5 2. Nf3 Nc6 3. Bb5 a6 4. Bxc6 dxc6 5. O-O f6 6. d4 Bg4 7. dxe5 Qxd1 8.
Rxd1 fxe5 9. Rd3 Bd6 10. Bg5 Nf6 11. Nbd2 b5 12. Rc1 Nd7 13. Be3 O-O 14. Ng5
Be2 15. Ne6 Rf7 16. Rc3 Re7 17. Re1 b4 18. Rxc6 Bb5 19. Nxc7 Bxc6 20. Nxa8 Bxa8
21. Nc4 Bc5 22. f3 Bxe3+ 23. Nxe3 Nb6 24. c4 Rd7 25. Re2 Kf7 26. b3 Rd3 27. Kf2
Nd7 28. Nc2 a5 29. Ne1 Rd1 30. Ke3 Nc5 31. Nc2 Rd3+ 32. Kf2 Ne6 33. Ne3 Nd4 34.
Rb2 Bc6 35. Nd5 Bxd5 36. exd5 Rc3 37. Ke1 Ke7 38. Kd2 Kd6 39. Kd1 Rd3+ 40. Kc1
g5 41. Rd2 Rc3+ 42. Kb2 h5 43. Rf2 h4 44. h3 a4 45. bxa4 Rxc4 46. a3 b3 47. a5
Kxd5 48. Rd2 1-0

[Event "Cesko-Slovenska Extraliga zen"]
[Site "Ricany"]
[Date "2015.06.28"]
[Round "2.10"]
[White "Brozova, Renata"]
[Black "Marikova, Jana"]
[Result "0-1"]
[ECO "B23"]
[WhiteElo "1729"]
[BlackElo "2164"]
[PlyCount "92"]
[EventDate "2015.??.??"]
[TimeControl "6000+840"]
[WhiteClock "0:00:53"]
[BlackClock "0:06:51"]

1. e4 c5 2. Nc3 d6 3. f4 Nc6 4. Bb5 Nf6 5. Bxc6+ bxc6 6. Nf3 g6 7. O-O Bg7 8.
d3 O-O 9. Qe1 Rb8 10. Rb1 Ne8 11. f5 gxf5 12. Bg5 f6 13. Be3 e5 14. exf5 Bxf5
15. Nh4 Be6 16. Nf5 Qd7 17. Nxg7 Nxg7 18. Bh6 f5 19. Qh4 Rf7 20. b3 Qe7 21. Bg5
Qf8 22. Rf3 Rb4 23. Qh6 Rg4 24. Rg3 Rxg3 25. hxg3 Bd7 26. Qh4 Ne6 27. Bh6 Qe7
28. Qxe7 Rxe7 29. Be3 d5 30. Na4 d4 31. Bd2 Kf7 32. Re1 Kf6 33. Ba5 Re8 34. Kf2
Rg8 35. Rh1 Rg7 36. Nb2 e4 37. dxe4 fxe4 38. Nc4 e3+ 39. Kf3 Rf7 40. Nd6 Rf8
41. Ke2 Kg7 42. Nc4 Rf2+ 43. Kd3 Ng5 44. Nd6 Bg4 45. Re1 Rxg2 46. Bc7 Rd2+ 0-1

[Event "Cesko-Slovenska Extraliga zen"]
[Site "Ricany"]
[Date "2015.06.28"]
[Round "2.11"]
[White "Kubikova, Hana"]
[Black "Volaninova, Sarka"]
[Result "1-0"]
[ECO "A03"]
[WhiteElo "2118"]
[BlackElo "1630"]
[PlyCount "77"]
[EventDate "2015.??.??"]
[TimeControl "6000+895"]
[WhiteClock "0:06:32"]
[BlackClock "0:03:21"]

1. f4 Nf6 2. Nf3 d5 3. e3 c5 4. b3 e6 5. Bb2 Nc6 6. Bb5 Bd7 7. O-O Be7 8. Bxc6
Bxc6 9. d3 b5 10. Ne5 Bb7 11. Nd2 O-O 12. Ndf3 Qb6 13. Qe1 Rfd8 14. Kh1 Rac8
15. a4 b4 16. Rd1 a5 17. Qg3 Ba6 18. Rfe1 c4 19. Bd4 Bc5 20. Nd7 Rxd7 21. Bxf6
Bf8 22. dxc4 Kh8 23. Bd4 Qc7 24. Ne5 Re7 25. c5 f6 26. Nf3 Ree8 27. h3 Bxc5 28.
Rd2 Qb6 29. Qg4 Re7 30. Kh2 Qd6 31. Kh1 Qb6 32. Qh4 Qd8 33. Red1 Qe8 34. Qg3
Rec7 35. Bxc5 Rxc5 36. Nd4 R5c7 37. f5 exf5 38. Nxf5 Qe5 39. Rxd5 1-0